 Dungeon Crawl Stone Soup version 0.30.1-11-g7821555f0a (webtiles) character file.

Game seed: 16439277555261465809

660119 Anriel the Spry (level 26, -8/200 (202) HPs)
             Began as a Demigod Conjurer on Nov 15, 2023.
             Killed by a mummy priest's death curse (24 damage)
             ... on level 3 of the Tomb of the Ancients on Jan 12, 2024.
             The game lasted 08:48:37 (65218 turns).

Anriel the Spry (Demigod Conjurer)                 Turns: 65218, Time: 08:48:40

HP:   -8/200 (202)  AC: 18    Str:  5 (6)  XL:     26   Next: 18%
MP:   45/62         EV: 32    Int: 56      God:
Gold: 4498          SH:  0    Dex: 21 (25) Spells: 22/65 levels left

rFire   . . .        X - staff of conjuration
rCold   + . .        J - crystal ball of Wucad Mu {*channel}
rNeg    + + .        c - +3 robe of Clouds {*Thunder rCloud rElec}
rPois   +            l - +3 helmet of the Maze {Will+ Dex+4}
rElec   +            a - +1 cloak of Starlight {*Dazzle EV+4 Stlth--}
rCorr   .            P - +2 pair of gloves {Dex+3}
SInv    +            N - +2 pair of boots of the Clam {Int+2 SInv}
Will    +++..        L - amulet of Datogeh {RegenMP Fly Regen+}
Stlth   +            K - ring of Rerphok {rN+ MP+9}
HPRegen 1.33/turn    r - ring of Beust {rPois rN+ Int+2 Dex+6 Slay-5}
MPRegen 0.78/turn

%: clarity, channel magic (40%)
@: brilliant, marked, flying, very slightly contaminated, slowed, studying
Staves, lightly drained, very slow
A: high MP 1, forlorn, divine attributes, clarity, cold resistance 1, robust 1,
weak 1, wild magic 1, inability to drink after injury 1
}: 4/15 runes: decaying, serpentine, slimy, silver
a: no special abilities


You were on level 3 of the Tomb of the Ancients.
You visited 12 branches of the dungeon, and saw 54 of its levels.
You also visited: Trove, Ossuary, Bailey and Wizlab.

You collected 9193 gold pieces.
You spent 4695 gold pieces at shops.

Inventory:

Hand Weapons
 d - the +10 great sword of Evolution {freeze, Int+7}
   (You found it on level 5 of the Pits of Slime)

   Int:       It affects your intelligence (+7).
 o - the +7 rapier "Grim Tooth" {flame, rPois rF+++ Int+2 Dex+3}
   (You found it on level 4 of the Lair of Beasts)

   Int:       It affects your intelligence (+2).
   Dex:       It affects your dexterity (+3).
   rF:        It renders you almost immune to fire.
   rPois:     It protects you from poison.
Armour
 a - the +1 cloak of Starlight (worn) {*Dazzle EV+4 Stlth--}
   (You found it in a treasure trove)

   *Dazzle:   It may blind those who miss an attack against the wearer in melee
   combat.
   EV:        It affects your evasion (+4).
   Stlth:     It makes you much less stealthy.
 c - the +3 robe of Clouds (worn) {*Thunder rCloud rElec}
   (You took it off a Cloud Mage in a wizard's laboratory)

   *Thunder:  It occasionally creates storm clouds above nearby enemies.
   rCloud:    It grants its wearer immunity to clouds.
   rElec:     It insulates you from electricity.
 l - the +3 helmet of the Maze (worn) {Will+ Dex+4}
   (You found it in a treasure trove)

   Dex:       It affects your dexterity (+4).
   Will:      It increases your willpower.
 J - the crystal ball of Wucad Mu (worn) {*channel}
   (You found it in a treasure trove)

   *Channel:  It often returns the magic spent to cast spells, but lowers their
   success rate.
   It always returns the magic spent on miscasts.
 N - the +2 pair of boots of the Clam (worn) {Int+2 SInv}
   (You found it on level 2 of the Elven Halls)

   Int:       It affects your intelligence (+2).
   SInv:      It lets you see invisible.
 P - a +2 pair of gloves of dexterity (worn)
Magical Staves
 V - the staff of fire "Zialischo" {rF+ SInv}
   (You found it on level 5 of the Pits of Slime)

   [staff of fire]

   Base accuracy: +5 Base damage: 5 Base attack delay: 1.2 This weapon's minimum
   attack delay (0.6) is reached at skill level 12.
   rF:        It protects you from fire.
   SInv:      It lets you see invisible.
   It falls into the 'Staves' category.
   It is a one-handed weapon.
 X - a staff of conjuration (weapon)
 Y - a staff of earth
Jewellery
 g - a ring of resist corrosion
 p - a ring of protection from cold
 q - a ring of poison resistance
 r - the ring of Beust (right hand) {rPois rN+ Int+2 Dex+6 Slay-5}
   (You found it on level 3 of the Elven Halls)

   [ring of dexterity]

   Int:       It affects your intelligence (+2).
   Dex:       It affects your dexterity (+6).
   Slay:      It affects your accuracy & damage with ranged weapons and melee
   (-5).
   rPois:     It protects you from poison.
   rN:        It protects you from negative energy.
 w - a ring of willpower
 x - a ring of wizardry
 B - an amulet of reflection
 K - the ring of Rerphok (left hand) {rN+ MP+9}
   (You took it off an orc warrior in a bailey)

   [ring of magical power]

   rN:        It protects you from negative energy.
   MP:        It affects your magic capacity (+9).
 L - the amulet of Datogeh (around neck) {RegenMP Fly Regen+}
   (You acquired it in a bailey)

   [amulet of magic regeneration]

   It increases your rate of magic regeneration.
   Fly:       It grants you flight.
   Regen:     It increases your rate of health regeneration.
 M - the ring "Ytsimeak" {Int+5 Dex+6}
   (You found it on level 3 of the Crypt)

   [ring of dexterity]

   Int:       It affects your intelligence (+5).
   Dex:       It affects your dexterity (+6).
Wands
 s - a wand of paralysis (91)
 A - a wand of iceblast (32)
 E - a wand of flame (51) (quivered)
 Q - a wand of mindburst (60)
 R - a wand of quicksilver (17)
 Z - a wand of digging (3)
Scrolls
 e - 18 scrolls of teleportation
 i - 3 scrolls of fog
 k - 2 scrolls of butterflies
 t - 7 scrolls of fear
 u - 7 scrolls of magic mapping
 I - 3 scrolls of poison
 S - 7 scrolls of amnesia
Potions
 h - 7 potions of invisibility
 j - 17 potions of curing
 n - 6 potions of haste
 z - 8 potions of cancellation
 D - a potion of resistance
 T - 2 potions of ambrosia
Miscellaneous
 m - a box of beasts
 C - a lightning rod (4/4)
 F - a phial of floods
 G - a phantom mirror
 H - a tin of tremorstones (2/2)


   Skills:
 - Level 5.0 Fighting
 - Level 5.0 Short Blades
 - Level 5.0 Armour
 - Level 20.0 Dodging
 - Level 5.0 Stealth
 - Level 20.0 Spellcasting
 + Level 16.3 Conjurations
 - Level 5.0 Hexes
 - Level 5.0 Translocations
 * Level 19.2 Fire Magic
 - Level 10.0 Ice Magic
 - Level 10.0 Air Magic
 * Level 19.6 Earth Magic
 - Level 10.0 Evocations


You had 22 spell levels left.
You knew the following spells:

 Your Spells              Type           Power      Damage    Failure   Level
a - Magic Dart            Conj           100%       1d8       1%          1
b - Stone Arrow           Conj/Erth      100%       3d13      1%          3
c - Iskenderun's Mystic   Conj/Tloc      100%       2d19      1%          4
d - Blink                 Tloc           100%       N/A       2%          2
e - Arcjolt               Conj/Air       92%        1d102     1%          5
f - Starburst             Conj/Fire      99%        6d25      1%          6
g - Iron Shot             Conj/Erth      100%       9d18      1%          6
h - Lehudib's Crystal Sp  Conj/Erth      100%       10d22     8%          8
i - Ignition              Fire           88%        3d22      6%          8

Your spell library contained the following spells:

 Spells                   Type           Power      Damage    Failure   Level
 Apportation              Tloc           100%       N/A       1%          1
 Freeze                   Ice            100%       1d10      1%          1
 Kiss of Death            Conj/Necr      100%       2d13      1%          1
 Sandblast                Erth           100%       2d20      1%          1
 Slow                     Hex            100%       N/A       1%          1
 Ensorcelled Hibernation  Hex/Ice        100%       N/A       1%          2
 Passwall                 Tmut/Erth      100%       N/A       1%          2
 Scorch                   Fire           100%       2d9       1%          2
 Searing Ray              Conj           100%       2d8       1%          2
 Static Discharge         Conj/Air       100%       2-7/arc   1%          2
 Dazzling Flash           Conj/Hex       100%       N/A       1%          3
 Hailstorm                Conj/Ice       100%       3d20      1%          3
 Mephitic Cloud           Conj/Pois/Air  100%       N/A       1%          3
 Ozocubu's Armour         Ice            100%       N/A       1%          3
 Swiftness                Air            100%       N/A       1%          3
 Vhi's Electric Charge    Tloc/Air       100%       N/A       1%          3
 Volatile Blastmotes      Fire/Tloc      100%       2d18      1%          3
 Airstrike                Air            72%        2d(11-27) 1%          4
 Flame Wave               Conj/Fire      100%       2d21      1%          4
 Fulminant Prism          Conj/Hex       87%        3d35      1%          4
 Leda's Liquefaction      Hex/Erth       77%        N/A       1%          4
 Lee's Rapid Deconstruct  Erth           88%        3d39*     1%          5
 Poisonous Vapours        Pois/Air       100%       N/A       2%          2
 Ignite Poison            Fire/Tmut/Pois 100%       N/A       2%          3
 Animate Armour           Summ/Erth      100%       N/A       2%          4
 Petrify                  Tmut/Erth      100%       N/A       2%          4
 Freezing Cloud           Conj/Ice/Air   90%        6-21      2%          5
 Cigotuvi's Dreadful Rot  Necr/Pois/Air  100%       N/A       3%          2
 Confusing Touch          Hex            100%       N/A       3%          3
 Gell's Gravitas          Tloc           100%       N/A       3%          3
 Portal Projectile        Hex/Tloc       100%       N/A       3%          3
 Teleport Other           Tloc           100%       N/A       3%          3
 Tukima's Dance           Hex            100%       N/A       3%          3
 Borgnjor's Vile Clutch   Necr/Erth      72%        N/A       3%          5
 Beastly Appendage        Tmut           100%       N/A       4%          1
 Necrotise                Necr           100%       1d9       4%          1
 Sting                    Tmut/Pois      100%       1d8       4%          1
 Summon Small Mammal      Summ           100%       N/A       4%          1
 Call Imp                 Summ           100%       N/A       4%          2
 Sublimation of Blood     Necr           83%        N/A       4%          2
 Wereblood                Tmut           83%        N/A       4%          2
 Summon Guardian Golem    Hex/Summ       100%       N/A       4%          3
 Ice Form                 Ice/Tmut       100%       N/A       4%          4
 Manifold Assault         Tloc           100%       N/A       4%          4
 Passage of Golubria      Tloc           100%       N/A       4%          4
 Summon Ice Beast         Ice/Summ       100%       N/A       4%          4
 Summon Lightning Spire   Summ/Air       100%       N/A       4%          4
 Irradiate                Conj/Tmut      81%        3d38      4%          5
 Metabolic Englaciation   Hex/Ice        67%        N/A       4%          5
 Silence                  Hex/Air        67%        N/A       4%          5
 Orb of Destruction       Conj           97%        9d21      4%          7
 Statue Form              Tmut/Erth      96%        N/A       6%          6
 Call Canine Familiar     Summ           83%        N/A       7%          3
 Spider Form              Tmut/Pois      83%        N/A       7%          3
 Vampiric Draining        Necr           83%        2d11      7%          3
 Anguish                  Hex/Necr       52%        N/A       7%          4
 Animate Dead             Necr           83%        N/A       12%         4
 Dispel Undead            Necr           83%        3d27      12%         4
 Olgreb's Toxic Radiance  Pois           83%        N/A       12%         4
 Summon Forest            Summ/Tloc      52%        N/A       12%         5
 Summon Mana Viper        Hex/Summ       100%       N/A       12%         5
 Yara's Violent Unravell  Hex/Tmut       52%        3d20      12%         5
 Ozocubu's Refrigeration  Ice            72%        4d23      16%         7
 Dispersal                Tloc           60%        N/A       19%         6
 Simulacrum               Ice/Necr       60%        N/A       19%         6
 Agony                    Necr           83%        N/A       24%         5
 Alistair's Intoxication  Tmut/Pois      55%        N/A       24%         5
 Blade Hands              Tmut           41%        N/A       24%         5
 Spellforged Servitor     Conj/Summ      81%        N/A       24%         7
 Shatter                  Erth           88%        3d64*     26%         9
 Storm Form               Tmut/Air       60%        N/A       52%         7
 Maxwell's Capacitive Co  Air            72%        ∞         52%         8
 Death Channel            Necr           41%        N/A       63%         6
 Eringya's Noxious Bog    Tmut/Pois      41%        N/A       63%         6
 Summon Cactus Giant      Summ           41%        N/A       63%         6
 Malign Gateway           Summ/Tloc      52%        N/A       82%         7
 Haunt                    Necr/Summ      41%        N/A       98%         7
 Monstrous Menagerie      Summ           41%        N/A       98%         7
 Summon Hydra             Summ           41%        N/A       98%         7
 Discord                  Hex            60%        N/A       98%         8
 Disjunction              Tloc           60%        N/A       98%         8
 Borgnjor's Revivificati  Necr           41%        N/A       100%        8
 Infestation              Necr           41%        N/A       100%        8
 Necromutation            Tmut/Necr      41%        N/A       100%        8
 Summon Horrible Things   Summ           41%        N/A       100%        8
 Death's Door             Necr           41%        N/A       100%        9


Dungeon Overview and Level Annotations

Branches:
Dungeon (15/15)            Temple (1/1) D:7            Lair (5/5) D:10
  Swamp (4/4) Lair:2        Snake (4/4) Lair:3        Slime (5/5) Lair:4
    Orc (2/2) D:9             Elf (3/3) Orc:2        Vaults (5/5) D:13
  Crypt (3/3) Vaults:3       Tomb (3/3) Crypt:3      Depths (4/4) D:15
    Zot (0/5) Depths:4    Ossuary (visited)          Bailey (visited)
 WizLab (visited)

Shops:
D:3 =   D:5 (   D:6 ?   D:11 *   D:13 ?   Orc:1 [   Orc:2 =(*(   Elf:3 =
Vaults:2 (   Depths:1 ([

Portals:
Hell: Depths:1 Depths:2 Depths:3 Depths:4
Abyss: Depths:1 Depths:3 Depths:4
Pandemonium: Depths:2* Depths:4
Ziggurat: Depths:2


Innate Abilities, Weirdness & Mutations

You have an increased reservoir of magic. (+10% MP)
You shall have no god before yourself.
Your divine heritage dramatically boosts your attributes as you level up.
You possess an exceptional clarity of mind.
Your flesh is cold resistant. (rC+)
You are robust. (+10% HP)
You are weak. (Str -2)
Your spells are a little harder to cast, but a little more powerful.
You occasionally lose the ability to drink potions when taking damage.


Message History

The fireball engulfs the death scarab!
The death scarab is heavily damaged.
The fireball engulfs the death scarab!!!
You destroy the death scarab!
The death scarab's corpse disappears in a puff of smoke!
The fireball engulfs the mummy priest!!!
The mummy priest is heavily damaged.
The fireball engulfs the guardian mummy!!!
The guardian mummy is almost destroyed.
The fireball engulfs the ushabti!
The ushabti resists.
You destroy the ushabti!
The fireball engulfs the flying skull!
The flying skull resists.
The flying skull is heavily damaged.
The fireball engulfs the flying skull!!
The flying skull resists.
You destroy the flying skull!
The fireball engulfs the mummy priest!!
The mummy priest is severely damaged.
The fireball engulfs the mummy priest!!!
You destroy the mummy priest!
The fireball engulfs the death scarab!!
You destroy the death scarab!
The death scarab's corpse disappears in a puff of smoke!
The fireball engulfs the royal mummy!!
The royal mummy is moderately damaged.
The fireball engulfs the royal mummy!!
The royal mummy is severely damaged.
The fireball engulfs the guardian mummy!!
You destroy the guardian mummy!
The fireball engulfs the royal mummy!
The royal mummy is severely damaged.
Magical energy flows into your mind!
You feel extremely nervous for a moment...
Pain shoots through your body!
* * * LOW HITPOINT WARNING * * *
You feel extremely nervous for a moment...
Your body is wracked with pain!
* * * LOW HITPOINT WARNING * * *
You feel extremely nervous for a moment...
Pain shoots through your body!!
You die...

#.§..^.#
.#)M...M#.
'..§...'^
#M§.§§.#
#..§...#
#..§..)#
#......#
#.))...#
#..@...#
########


You could see 2 royal mummies and a mummy priest.

Vanquished Creatures
  the Royal Jelly (Slime:5)
  4 dread liches
  2 ancient liches
  30 royal mummies
  Josephina (Crypt:1)
  Sojobo (Vaults:4)
  the Lernaean hydra (Swamp:4)
  Xtahua (Vaults:4)
  Margery (Vaults:3)
  A curse toe (Crypt:3)
  Jory (Vaults:4)
  5 golden dragons
  A Cloud Mage (WizLab)
  2 tentacled monstrosities (Vaults:5)
  4 titans
  11 liches
  A walking divine tome (Depths:4)
  3 deep elf master archers (Elf:3)
  2 deep elf blademasters (Elf:3)
  10 ancient champions
  19 acid blobs
  12 sphinxes
  Kirke (Swamp:4)
  2 shadow dragons (Vaults:5)
  7 tengu reavers
  Gastronok (Lair:1)
  Donald (Snake:1)
  Agnes (Snake:3)
  12 azure jellies
  2 thorn hunters
  6 nagarajas
  5 storm dragons
  Roxanne (Swamp:1)
  11 revenants
  11 fire giants
  9 rockslimes
  5 deep elf sorcerers (Elf:3)
  Louise (Swamp:2)
  6 frost giants
  2 iron dragons (Vaults:5)
  9 ghouls
  4 draconian stormcallers (Depths:4)
  2 curse skulls
  2 deep elf elementalists (Elf:3)
  13 vault wardens
  13 ironbound preservers
  4 orc warlords
  Aizul (Snake:1)
  4 war gargoyles
  13 very ugly things
  18 quicksilver oozes
  A draconian annihilator (Depths:4)
  A caustic shrike skeleton (Tomb:2)
  3 reapers
  7 vampire knights
  15 stone giants
  6 deep elf demonologists
  3 ironbound thunderhulks
  A black draconian (Depths:4)
  A purple draconian (Depths:4)
  4 eleionomae
  2 yellow draconians (Depths:4)
  8 spark wasps
  6 bennus
  10 deep elf annihilators
  15 dire elephants
  5 bunyips
  Azrael (D:15)
  8 eidola
  Snorg (D:12)
  3 blizzard demons (WizLab)
  5 deep elf death magi
  A green death (Depths:2)
  17 mummy priests
  14 yaktaur captains
  21 jiangshi
  9 ettins
  4 fire dragons
  A shambling mangrove (Swamp:4)
  A quicksilver dragon zombie (Crypt:1)
  5 deep elf high priests
  2 fenstrider witch zombies
  8 great orbs of eyes
  A caustic shrike simulacrum (Crypt:1)
  3 peacekeepers (Vaults:4)
  A rakshasa (Depths:3)
  34 vault guards
  9 centaur warriors
  16 hydras
  A quicksilver dragon skeleton (Crypt:2)
  2 ogre magi (Vaults:5)
  9 ice dragons
  13 anacondas
  9 spriggan air magi
  4 spriggan skeletons
  4 ghost crabs
  4 boulder beetles
  A radroach (shapeshifter) (Vaults:5)
  15 ironbound frosthearts
  Erica (Lair:1)
  2 salamander tyrants (Snake:4)
  11 alligators
  30 dancing weapons
  A hydra (shapeshifter) (Vaults:5)
  2 death knights (Crypt:1)
  15 deep troll earth magi
  21 naga warriors
  9 two-headed ogres
  A titan zombie (Crypt:3)
  9 deep troll shamans
  26 death scarabs
  3 death yaks (Lair:4)
  A spriggan berserker (Depths:3)
  2 hell knights (Vaults:3)
  3 tengu warriors
  2 orc high priests (Orc:2)
  15 deep elf knights
  11 vampire magi
  15 naga sharpshooters
  13 spriggans
  12 shock serpents
  Amaemon (Lair:1)
  2 soul eaters (Crypt:2)
  A sun demon (Depths:2)
  A titan skeleton (Tomb:2)
  Nergalle (D:10)
  18 iron trolls
  A skyshark (Lair:5)
  6 goliath frogs
  40 skeletal warriors
  10 shadow wraiths
  4 spriggan druids
  7 salamander mystics
  A storm dragon skeleton (Crypt:3)
  An anaconda zombie (Crypt:3)
  A death drake (WizLab)
  2 glowing orange brains
  8 swamp dragons
  16 wizards
  16 bog bodies
  15 phantasmal warriors
  A bunyip skeleton (Crypt:2)
  A fenstrider witch simulacrum (Crypt:1)
  9 deep elf archers
  6 flayed ghosts (Crypt:2)
  9 naga ritualists
  5 orc knights
  55 deep trolls
  5 oklob plants
  23 ironbound convokers
  3 spriggan simulacra (Crypt:1)
  7 harpies
  9 lindwurms
  5 orc sorcerers (Orc:2)
  26 deep elf pyromancers
  2 shadow dragon zombies (Crypt:3)
  31 deep elf zephyrmancers
  11 mana vipers
  10 necromancers
  4 will-o-the-wisps
  2 tengu skeletons
  3 iron dragon zombies (Crypt:3)
  40 ugly things
  24 salamanders
  7 shining eyes
  A wolf spider (D:15)
  6 cyclopes
  2 manticores
  3 naga zombies
  A frost giant zombie (Crypt:1)
  2 centaur zombies (Crypt:1)
  3 apocalypse crabs (WizLab)
  14 guardian serpents
  A manticore (shapeshifter) (Vaults:3)
  A stone giant skeleton (Vaults:3)
  17 vault sentinels
  An orange demon (Lair:1)
  41 black mambas
  A rust devil (Depths:2)
  2 titan simulacra (Crypt:1)
  A dire elephant zombie (Crypt:2)
  Maurice (D:12)
  A smoke demon (Depths:2)
  2 eyes of devastation
  An emperor scorpion simulacrum (Crypt:1)
  24 cane toads
  27 naga magi
  A centaur skeleton (Tomb:1)
  2 gargoyles
  An alligator snapping turtle zombie (Crypt:2)
  A swamp worm zombie (Crypt:1)
  2 unseen horrors (D:11)
  12 komodo dragons
  A yaktaur zombie (Vaults:2)
  19 yaktaurs
  2 rime drakes
  13 tengu conjurers
  2 bunyip simulacra (Crypt:1)
  15 freezing wraiths (Crypt:1)
  39 guardian mummies
  3 harpy zombies
  A hellwing (Depths:2)
  2 anaconda simulacra (Crypt:1)
  A polar bear (shapeshifter) (Vaults:5)
  A white draconian skeleton (Crypt:2)
  7 trolls
  A bloated husk (Swamp:1)
  2 polar bears
  A troll (shapeshifter) (Elf:3)
  2 wind drakes (WizLab)
  A wind drake (shapeshifter) (Elf:3)
  13 hornets
  16 blink frogs
  A tarantella (shapeshifter) (Vaults:5)
  A shadow dragon simulacrum (Crypt:1)
  12 tyrant leeches
  3 harpy skeletons
  3 hydra skeletons
  An iron dragon simulacrum (Crypt:1)
  A draconian simulacrum (Crypt:1)
  7 dream sheep (Lair:5)
  Prince Ribbit (D:9)
  A radroach zombie (Crypt:2)
  146 slime creatures
  4 ettin skeletons (Vaults:3)
  Sigmund (D:5)
  20 flying skulls
  2 shadows
  A frost giant simulacrum (Vaults:2)
  A jumping spider (shapeshifter) (Vaults:5)
  24 yaks
  7 water elementals
  15 air elementals
  An orc simulacrum (Crypt:1)
  6 hogs (Swamp:4)
  4 wraiths
  17 humans (D:13)
  6 golden eyes (Slime:5)
  A human (shapeshifter) (Vaults:5)
  5 wyverns
  30 ushabtiu
  7 basilisks
  A black mamba skeleton (Tomb:1)
  6 fire elementals
  A steam dragon (D:8)
  4 chaos spawn (Depths:1)
  Edmund (D:5)
  5 harpy simulacra (Crypt:1)
  A warg (D:15)
  11 vampire mosquitoes
  4 acid dragons
  61 nagas
  3 small abominations (Depths:1)
  20 swamp worms
  2 hydra simulacra (Crypt:1)
  A swamp worm (shapeshifter) (D:15)
  17 water moccasins
  2 glowing shapeshifter skeletons (Vaults:3)
  An ogre skeleton (Vaults:2)
  8 human skeletons
  8 large abominations (Depths:1)
  5 hell hounds (D:15)
  37 orc warriors
  A meliai simulacrum (D:15)
  A black bear (shapeshifter) (D:15)
  A dream sheep zombie (Crypt:3)
  7 swamp drakes (Swamp:4)
  A black bear (D:7)
  2 ettin simulacra (Crypt:1)
  An ice beast (D:6)
  An ice dragon simulacrum (Crypt:1)
  9 wolves
  A boggart (Vaults:4)
  9 ogres
  11 centaurs
  A blink frog skeleton (Crypt:1)
  The ghost of zxspectator the Shield-Bearer, an amateur GrFi (D:3)
  A phantom (D:7)
  3 kobold brigands
  The ghost of Gumption the Sneak, an amateur SpEn (D:4)
  3 scorpions
  23 bullfrogs
  4 earth elementals
  A gnoll sergeant (D:10)
  4 naga simulacra (Crypt:1)
  4 necrophages
  2 komodo dragon skeletons (Crypt:3)
  10 wights
  A water moccasin skeleton (Crypt:3)
  10 killer bees (D:9)
  A troll zombie (Crypt:1)
  A polar bear skeleton (Crypt:1)
  7 electric eels
  2 howler monkeys
  A troll skeleton (Crypt:2)
  A lava snake (D:14)
  9 jellies (Slime:4)
  Crazy Yiuf (D:4)
  A gnoll bouda (Orc:2)
  21 orc priests
  4 hounds
  3 iguanas
  38 orc wizards
  A statue (D:9)
  2 naga skeletons
  57 mummies
  Robin (D:2)
  20 gnolls
  4 adders
  A swamp drake skeleton (Crypt:3)
  4 white imps
  4 ufetubi
  An iguana skeleton (Crypt:3)
  2 worms (D:3)
  3 dart slugs
  86 orcs
  8 bats
  7 endoplasms
  5 giant cockroaches
  2 gnoll zombies
  25 goblins
  16 hobgoblins
  3 jackals (D:5)
  17 kobolds
  4 quokkas
  7 ball pythons
  A ball python zombie (Crypt:1)
  2 frilled lizards
  A frilled lizard skeleton (Crypt:2)
  3 hobgoblin zombies (Ossuary)
  A kobold skeleton (Crypt:1)
  3 kobold zombies
  3 orc zombies
  5 rats
  A river rat skeleton (Crypt:2)
2597 creatures vanquished.

Vanquished Creatures (others)
  A naga warrior (Snake:4)
  A shock serpent (WizLab)
  2 deep elf knights
  A guardian serpent (Snake:2)
  An orc wizard (D:8)
  4 foxfires
10 creatures vanquished.

Grand Total: 2607 creatures vanquished

Notes
Turn   | Place    | Note
-------+----------+-------------------------------------------
     0 | D:1      | Anriel the Demigod Conjurer began the quest for the Orb.
     0 | D:1      | Reached XP level 1. HP: 14/14 MP: 5/5
   121 | D:1      | Reached XP level 2. HP: 20/20 MP: 0/7
   486 | D:1      | Learned a level 2 spell: Searing Ray
   655 | D:1      | Reached XP level 3. HP: 26/26 MP: 8/8
  1173 | D:2      | Noticed Robin
  1176 | D:2      | Killed Robin
  1181 | D:2      | Reached XP level 4. HP: 33/33 MP: 1/9
  2039 | D:3      | Reached skill level 5 in Conjurations
  2039 | D:3      | Reached XP level 5. HP: 38/38 MP: 9/10
  2463 | D:3      | Found a large runed translucent door.
  2464 | D:3      | Found a large runed translucent door.
  2466 | D:3      | Noticed zxspectator's ghost (amateur GrFi)
  2617 | D:3      | Learned a level 4 spell: Iskenderun's Mystic Blast
  2725 | D:3      | Found Yceacec's Jewellery Shop.
  3031 | D:3      | Killed zxspectator's ghost
  3032 | D:3      | Reached XP level 6. HP: 25/45 MP: 12/12
  3232 | D:4      | Found a runed translucent door.
  3233 | D:4      | Noticed Crazy Yiuf
  3239 | D:4      | Killed Crazy Yiuf
  3246 | D:4      | Identified the +0 hammer of Haxa Inu {heavy, rF++}
  3444 | D:4      | Found a sand-covered staircase.
  3460 | Ossuary  | Entered an ossuary
  4173 | D:4      | Learned a level 2 spell: Blink
  4248 | D:4      | Found a large runed translucent door.
  4249 | D:4      | Found a large runed translucent door.
  4249 | D:4      | Noticed Gumption's ghost (amateur SpEn)
  4263 | D:4      | Killed Gumption's ghost
  4264 | D:4      | Reached XP level 7. HP: 49/50 MP: 15/15
  4822 | D:5      | Entered Level 5 of the Dungeon
  4822 | D:5      | Found Atoemmaca's Antique Weapon Shoppe.
  4960 | D:5      | Noticed Edmund
  5027 | D:5      | Killed Edmund
  5231 | D:5      | Noticed a hornet
  5456 | D:5      | Reached skill level 5 in Stealth
  5609 | D:5      | Reached skill level 5 in Spellcasting
  5809 | D:5      | Killed a hornet
  5810 | D:5      | Reached skill level 5 in Dodging
  5810 | D:5      | Reached skill level 1 in Translocations
  5810 | D:5      | Reached XP level 8. HP: 57/57 MP: 17/19
  6013 | D:5      | Noticed Sigmund
  6020 | D:5      | Killed Sigmund
  6021 | D:5      | Reached skill level 1 in Fire Magic
  6214 | D:3      | Bought a +6 ring of intelligence for 468 gold pieces
  6604 | D:6      | Found Otylo Pong's Magic Scroll Shop.
  6612 | D:6      | Bought a scroll of identify for 24 gold pieces
  6612 | D:6      | Bought a scroll of identify for 24 gold pieces
  6612 | D:6      | Bought a scroll of identify for 24 gold pieces
  6805 | D:6      | Noticed a troll
  6811 | D:6      | Killed a troll
  7124 | D:7      | Reached XP level 9. HP: 40/62 MP: 2/20
  7217 | D:7      | Noticed a two-headed ogre
  7225 | D:7      | Killed a two-headed ogre
  7297 | D:7      | Learned a level 6 spell: Starburst
  7606 | D:7      | Found a staircase to the Ecumenical Temple.
  7616 | Temple   | Entered the Ecumenical Temple
  7741 | D:7      | Identified a scroll of acquirement
  7742 | D:7      | Acquired 983 gold pieces
  7866 | D:3      | Bought a ring of see invisible for 195 gold pieces
  7866 | D:3      | Bought a +5 ring of evasion for 468 gold pieces
  7866 | D:3      | Bought a ring of flight for 227 gold pieces
  8234 | D:8      | Noticed a balrug
  8247 | D:8      | Noticed an orange demon
  8247 | D:8      | Noticed a smoke demon
  8737 | D:8      | Reached skill level 5 in Translocations
  9124 | D:9      | Found a transporter.
  9130 | D:9      | Found a transporter.
  9137 | D:9      | Noticed Prince Ribbit
  9145 | D:9      | Killed Prince Ribbit
  9146 | D:9      | Reached XP level 10. HP: 69/69 MP: 21/21
  9169 | D:9      | Reached skill level 1 in Air Magic
  9426 | D:9      | Reached skill level 5 in Fire Magic
  9678 | D:9      | Found a staircase to the Orcish Mines.
  9688 | D:9      | Reached skill level 1 in Earth Magic
 10025 | D:10     | Entered Level 10 of the Dungeon
 10313 | D:10     | Found a flagged portal.
 10323 | Bailey   | Entered a bailey
 10357 | Bailey   | Reached skill level 10 in Conjurations
 11007 | Bailey   | Noticed an orc warlord
 11016 | Bailey   | Identified the ring of Rerphok {rN+ MP+9}
 11036 | Bailey   | Killed an orc warlord
 11178 | Bailey   | Acquired the amulet of Datogeh {RegenMP Fly Regen+}
 11213 | D:10     | Noticed a two-headed ogre
 11222 | D:10     | Killed a two-headed ogre
 11317 | D:10     | Noticed a boulder beetle
 11395 | D:10     | Killed a boulder beetle
 11396 | D:10     | Reached XP level 11. HP: 54/74 MP: 13/24
 11576 | D:10     | Found a large runed translucent door.
 11576 | D:10     | Found a large runed translucent door.
 11632 | D:10     | Paralysed by an air elemental for 1 turns
 11637 | D:10     | Paralysed by an air elemental for 1 turns
 11724 | D:10     | Noticed Nergalle
 12075 | D:10     | Killed Nergalle
 12305 | D:10     | Found a staircase to the Lair.
 12465 | D:11     | Reached skill level 5 in Air Magic
 12500 | D:11     | Found Atese's General Store.
 12505 | D:11     | Bought a potion of haste for 170 gold pieces
 12636 | D:11     | Noticed a boulder beetle
 12646 | D:11     | Killed a boulder beetle
 12647 | D:11     | Reached skill level 1 in Ice Magic
 12762 | D:11     | Reached skill level 5 in Earth Magic
 13076 | D:11     | Reached skill level 1 in Evocations
 13381 | D:6      | Bought a scroll of identify for 24 gold pieces
 13381 | D:6      | Bought a scroll of identify for 24 gold pieces
 13381 | D:6      | Bought a scroll of blinking for 90 gold pieces
 13381 | D:6      | Bought a scroll of blinking for 90 gold pieces
 13381 | D:6      | Bought a scroll of blinking for 90 gold pieces
 13381 | D:6      | Bought a scroll of magic mapping for 90 gold pieces
 13507 | D:12     | Noticed a deep elf pyromancer
 13515 | D:12     | Killed a deep elf pyromancer
 13653 | D:12     | Noticed Snorg
 13687 | D:12     | Killed Snorg
 13878 | D:12     | Noticed a boulder beetle
 13883 | D:12     | Noticed a two-headed ogre
 13884 | D:12     | Killed a boulder beetle
 13914 | D:12     | Killed a two-headed ogre
 14144 | D:12     | Noticed Maurice
 14151 | D:12     | Killed Maurice
 14223 | D:12     | Reached XP level 12. HP: 81/81 MP: 29/29
 14616 | D:13     | Learned a level 4 spell: Flame Wave
 14623 | D:13     | Learned a level 6 spell: Starburst
 14887 | D:13     | Reached skill level 10 in Spellcasting
 14895 | D:13     | Reached skill level 5 in Ice Magic
 14895 | D:13     | Reached skill level 5 in Evocations
 14925 | D:13     | Reached skill level 1 in Hexes
 14956 | D:13     | Noticed a vault guard
 14985 | D:13     | Killed a vault guard
 15068 | D:13     | Noticed a vault guard
 15075 | D:13     | Killed a vault guard
 15076 | D:13     | Noticed a vault guard
 15082 | D:13     | Killed a vault guard
 15188 | D:13     | Found a gate to the Vaults.
 15314 | D:13     | Noticed a centaur warrior
 15326 | D:13     | Killed a centaur warrior
 15501 | D:13     | Noticed a centaur warrior
 15507 | D:13     | Killed a centaur warrior
 15527 | D:13     | Found Ochie's Magic Scroll Shop.
 15535 | D:13     | Bought a scroll of magic mapping for 112 gold pieces
 15535 | D:13     | Bought a scroll of enchant armour for 112 gold pieces
 15864 | D:14     | Identified the +2 ring mail of the Silversmith {rN+ Will-
                  | rCorr SInv}
 16240 | D:14     | Reached XP level 13. HP: 71/86 MP: 27/31
 16470 | D:15     | Entered Level 15 of the Dungeon
 16749 | D:15     | Noticed Azrael
 17097 | D:15     | Found a staircase to the Depths.
 17187 | D:15     | Killed Azrael
 17188 | D:15     | Reached skill level 5 in Hexes
 17460 | D:15     | Gained mutation: You have sharp fingernails. [potion of
                  | mutation]
 17460 | D:15     | Gained mutation: You passively map a small area around you.
                  | [potion of mutation]
 17461 | D:15     | Lost mutation: You passively map a small area around you.
                  | [potion of mutation]
 17461 | D:15     | Lost mutation: You have sharp fingernails. [potion of
                  | mutation]
 17461 | D:15     | Gained mutation: You are dopey. (Int -2) [potion of
                  | mutation]
 17461 | D:15     | Gained mutation: You have a pair of small horns on your
                  | head. [potion of mutation]
 17462 | D:15     | Lost mutation: You are dopey. (Int -2) [potion of mutation]
 17462 | D:15     | Lost mutation: You have a pair of small horns on your head.
                  | [potion of mutation]
 17462 | D:15     | Gained mutation: You are agile. (Dex +4, Str/Int -1)
                  | [potion of mutation]
 17462 | D:15     | Gained mutation: You occasionally shout uncontrollably at
                  | your foes. [potion of mutation]
 17463 | D:15     | Lost mutation: You are agile. (Dex +4, Str/Int -1) [potion
                  | of mutation]
 17463 | D:15     | Lost mutation: You occasionally shout uncontrollably at
                  | your foes. [potion of mutation]
 17463 | D:15     | Gained mutation: You are partially covered in iridescent
                  | scales. (AC +2) [potion of mutation]
 17463 | D:15     | Gained mutation: You have a pair of small horns on your
                  | head. [potion of mutation]
 17664 | Lair:1   | Entered Level 1 of the Lair of Beasts
 17900 | Lair:1   | Noticed Amaemon
 17906 | Lair:1   | Killed Amaemon
 17907 | Lair:1   | Noticed Erica
 17917 | Lair:1   | Killed Erica
 17988 | Lair:1   | Noticed Gastronok
 17996 | Lair:1   | Killed Gastronok
 18409 | Lair:2   | Found a staircase to the Swamp.
 18818 | Lair:2   | Reached skill level 10 in Fire Magic
 19150 | Lair:3   | Found a staircase to the Snake Pit.
 19159 | Lair:3   | Reached skill level 1 in Armour
 19160 | Lair:3   | Reached XP level 14. HP: 52/93 MP: 28/32
 20378 | Lair:4   | Identified the +7 rapier "Grim Tooth" {flame, rPois rF+++
                  | Int+2 Dex+3}
 20737 | Lair:4   | Found a staircase to the Slime Pits.
 20928 | Lair:5   | Entered Level 5 of the Lair of Beasts
 20933 | Lair:5   | Reached skill level 10 in Dodging
 21138 | Lair:5   | Identified the +1 hand axe of Perfectionism {freeze, rC+
                  | Int+2 Dex+2}
 21550 | Lair:5   | Got the Annotations on Breccia and the Serac
 21558 | Lair:5   | Learned a level 6 spell: Iron Shot
 22510 | Orc:1    | Entered Level 1 of the Orcish Mines
 22516 | Orc:1    | Reached skill level 5 in Armour
 22699 | Orc:1    | Found Synoeh's Armour Boutique.
 22933 | Orc:2    | Entered Level 2 of the Orcish Mines
 23088 | Orc:2    | Reached skill level 1 in Fighting
 23314 | Orc:2    | Found Feged's General Store.
 23314 | Orc:2    | Found Tekh's Jewellery Boutique.
 23316 | Orc:2    | Found Buikhlair's Weapon Boutique.
 23319 | Orc:2    | Found Jecvaang's Weapon Shop.
 23325 | Orc:2    | Bought a ring of resist corrosion for 200 gold pieces
 23325 | Orc:2    | Bought a ring of willpower for 250 gold pieces
 23481 | Orc:2    | Found a staircase to the Elven Halls.
 23706 | Orc:2    | Bought the +8 arc blade {discharge, rElec} for 960 gold
                  | pieces
 23706 | Orc:2    | Found the +8 arc blade {discharge, rElec}
 23710 | Orc:2    | Bought 2 potions of heal wounds for 160 gold pieces
 24356 | Swamp:1  | Entered Level 1 of the Swamp
 24437 | Swamp:1  | Reached XP level 15. HP: 90/104 MP: 30/33
 24589 | Swamp:1  | Identified Roxanne's Folio of Modification
 24589 | Swamp:1  | Noticed Roxanne
 24789 | Swamp:1  | Killed Roxanne
 24832 | Swamp:1  | Lost mutation: You are partially covered in iridescent
                  | scales. (AC +2) [potion of mutation]
 24832 | Swamp:1  | Lost mutation: You have a pair of small horns on your head.
                  | [potion of mutation]
 24832 | Swamp:1  | Gained mutation: You sometimes lose your temper in combat.
                  | [potion of mutation]
 24832 | Swamp:1  | Gained mutation: Your spells are a little harder to cast,
                  | but a little more powerful. [potion of mutation]
 24832 | Swamp:1  | Gained mutation: You are strong-willed. (Will+) [potion of
                  | mutation]
 25049 | Swamp:2  | Noticed a thorn hunter
 25055 | Swamp:2  | Killed a thorn hunter
 25268 | Swamp:2  | Reached skill level 10 in Evocations
 25381 | Swamp:2  | Noticed Louise
 25395 | Swamp:2  | Killed Louise
 25889 | Swamp:3  | Lost mutation: You are strong-willed. (Will+) [potion of
                  | mutation]
 25889 | Swamp:3  | Lost mutation: You sometimes lose your temper in combat.
                  | [potion of mutation]
 25889 | Swamp:3  | Gained mutation: You occasionally lose the ability to read
                  | scrolls when taking damage. [potion of mutation]
 25889 | Swamp:3  | Gained mutation: You have large cloven feet. [potion of
                  | mutation]
 25889 | Swamp:3  | Gained mutation: You are robust. (+10% HP) [potion of
                  | mutation]
 25889 | Swamp:3  | Gained mutation: You possess an exceptional clarity of
                  | mind. [potion of mutation]
 26213 | Swamp:3  | Reached skill level 5 in Fighting
 26581 | Swamp:4  | Entered Level 4 of the Swamp
 26591 | Swamp:4  | Reached skill level 1 in Short Blades
 26612 | Swamp:4  | Noticed a thorn hunter
 26843 | Swamp:4  | Noticed Kirke
 26872 | Swamp:4  | Killed Kirke
 26975 | Swamp:4  | Reached XP level 16. HP: 130/130 MP: 32/35
 27337 | Swamp:4  | Noticed the 27-headed Lernaean hydra
 27342 | Swamp:4  | Killed the 27-headed Lernaean hydra
 27451 | Swamp:4  | Got a decaying rune of Zot
 28173 | Snake:1  | Entered Level 1 of the Snake Pit
 28279 | Snake:1  | Noticed Donald
 28289 | Snake:1  | Killed Donald
 28417 | Snake:1  | Noticed Aizul
 28420 | Snake:1  | Reached skill level 5 in Short Blades
 28428 | Snake:1  | HP: 6/130 [constriction[a naga ritualist] (2)]
 28429 | Snake:1  | HP: 1/130 [anaconda[a naga ritualist] (4)]
 28441 | Snake:1  | HP: 5/130 [Aizul/poison arrow (12)]
 28451 | Snake:1  | HP: 5/130 [Aizul (12)]
 28467 | Snake:1  | Killed Aizul
 28742 | Snake:1  | You are sucked into a shaft and drop 1 floor!
 29245 | Snake:2  | Reached skill level 15 in Dodging
 29877 | Snake:2  | Reached XP level 17. HP: 118/138 MP: 14/37
 30404 | Snake:3  | Noticed Agnes
 30407 | Snake:3  | Killed Agnes
 31022 | Snake:4  | Entered Level 4 of the Snake Pit
 31106 | Snake:4  | Reached skill level 10 in Earth Magic
 32742 | Snake:4  | Got a serpentine rune of Zot
 33641 | Elf:1    | Entered Level 1 of the Elven Halls
 33802 | Elf:1    | Paralysed by an air elemental for 1 turns
 33808 | Elf:1    | Reached XP level 18. HP: 118/146 MP: 40/40
 33891 | Elf:1    | Got the Elucidation of Formation
 34375 | Elf:1    | Paralysed by an air elemental for 1 turns
 34969 | Elf:2    | Identified the +2 pair of boots of the Clam {Int+2 SInv}
 35123 | Elf:2    | Found a runed translucent gate.
 35123 | Elf:2    | Found a runed translucent gate.
 35123 | Elf:2    | Found a runed translucent gate.
 35224 | Elf:2    | Acquired a book of the Moon
 35235 | Elf:2    | Learned a level 8 spell: Lehudib's Crystal Spear
 36242 | Elf:3    | Entered Level 3 of the Elven Halls
 36917 | Elf:3    | Identified the amulet of Beauty {Faith Drain rElec rF++
                  | rCorr}
 36998 | Elf:3    | Identified the ring of Onasm {Str+6 Dex+3}
 37020 | Elf:3    | Reached skill level 15 in Spellcasting
 37237 | Elf:3    | Identified the +5 morningstar of Wufezxupn {flame, rPois
                  | rF+}
 37240 | Elf:3    | Identified the +0 spear of the Chickpea {holy, rC+ Will+}
 37255 | Elf:3    | Identified the +8 short sword "Wizxun" {pain, Str+3 Dex+3}
 37258 | Elf:3    | Identified the +9 hand axe "Qason" {vamp, Str+4 Dex+2}
 37260 | Elf:3    | Got the Elucidation of Frost and Space
 37270 | Elf:3    | Learned a level 5 spell: Arcjolt
 37295 | Elf:3    | Identified the ring of Beust {rPois rN+ Int+2 Dex+6 Slay-5}
 37332 | Elf:3    | Identified the +1 long sword of the Writhing Gods {flame,
                  | rC+ Will+ Str-4 Dex+7}
 37971 | Elf:3    | Found Epyaqite's Jewellery Boutique.
 38208 | Elf:3    | Reached XP level 19. HP: 127/151 MP: 40/43
 39125 | D:15     | Lost mutation: You have large cloven feet. [potion of
                  | mutation]
 39125 | D:15     | Lost mutation: You occasionally lose the ability to read
                  | scrolls when taking damage. [potion of mutation]
 39125 | D:15     | Gained mutation: Your flesh is cold resistant. (rC+)
                  | [potion of mutation]
 39465 | Slime:1  | Entered Level 1 of the Pits of Slime
 41324 | Slime:5  | Entered Level 5 of the Pits of Slime
 41622 | Slime:5  | Reached skill level 15 in Conjurations
 41921 | Slime:5  | Gained mutation: You are weak. (Str -2) [a shining eye]
 41923 | Slime:5  | Gained mutation: You occasionally lose the ability to drink
                  | potions when taking damage. [a shining eye]
 41955 | Slime:5  | Noticed the Royal Jelly
 42040 | Slime:5  | Killed the Royal Jelly
 42288 | Slime:5  | Got the Treatise on Amorphous Rallying
 42361 | Slime:5  | Got the Tractate on the Snake
 42401 | Slime:5  | Got a slimy rune of Zot
 42425 | Slime:5  | Identified the +2 scimitar "Taplatiotu" {heavy, rPois
                  | Str+4}
 42446 | Slime:5  | Identified the +10 great sword of Evolution {freeze, Int+7}
 42462 | Slime:5  | Got Xiesib's Encyclopedia of Obstruction
 42482 | Slime:5  | Identified the staff of fire "Zialischo" {rF+ SInv}
 43000 | Vaults:1 | Entered Level 1 of the Vaults
 43054 | Vaults:1 | Found a magical portal.
 43077 | WizLab   | Entered The Chambers of the Cloud Mage
 43379 | WizLab   | Paralysed by an air elemental for 1 turns
 43394 | WizLab   | Paralysed by an air elemental for 1 turns
 43588 | WizLab   | Paralysed by an air elemental for 1 turns
 43986 | WizLab   | Identified the ring of the Pure Mouths {EV+5 Dex+4}
 43988 | WizLab   | Identified the ring of Ginu Feq {EV+5 SInv}
 44005 | WizLab   | Got the Handbook of Conduction
 44133 | Vaults:1 | Identified the +1 arbalest "Yczo" {freeze, rPois MP-9 Dex+8
                  | Stlth+}
 44284 | Vaults:1 | Reached XP level 20. HP: 160/160 MP: 33/44
 45555 | Vaults:2 | Learned a level 8 spell: Ignition
 45608 | Vaults:2 | Found Fuocruz's Weapon Emporium.
 45715 | Vaults:2 | Reached skill level 15 in Earth Magic
 47221 | Vaults:3 | Found a staircase to the Crypt.
 47301 | Vaults:3 | Noticed Margery
 47303 | Vaults:3 | Killed Margery
 48009 | Vaults:3 | Found a portal to a secret trove of treasure.
 48400 | Vaults:3 | Reached XP level 21. HP: 166/166 MP: 47/47
 48573 | Vaults:3 | Identified the +11 plate armour of Leaves {rElec Int+3}
 48713 | Vaults:3 | You showed the slimy rune of Zot to enter a treasure trove
 48714 | Trove    | Entered a treasure trove
 48716 | Trove    | Found the crystal ball of Wucad Mu {*channel}
 48716 | Trove    | Found the +1 cloak of Starlight {*Dazzle EV+4 Stlth--}
 48717 | Trove    | Found the +15 Maxwell's patent armour {-Cast -Tele rElec
                  | Will+ rCorr}
 48718 | Trove    | Identified the +0 cloak of Space {rF- rN+ rCorr Dex+4
                  | Slay+3}
 48752 | Trove    | Identified the +3 helmet of the Maze {Will+ Dex+4}
 48754 | Trove    | Identified the +0 pair of gloves "Ihiuwow" {rN+}
 48756 | Trove    | Identified the +6 scale mail of Amelioration {rCorr Dex+3
                  | Stlth+}
 48757 | Trove    | Identified the +0 cloak of Yredelemnul's Anger {Will+
                  | Dex+3}
 48762 | Trove    | Identified the +2 pair of boots of Classification {Stlth+}
 49885 | Vaults:4 | Acquired a book of Geomancy
 49892 | Vaults:4 | Learned a level 3 spell: Stone Arrow
 50004 | Vaults:4 | Noticed Jory
 50109 | Vaults:4 | Killed Jory
 50167 | Vaults:4 | Noticed Sojobo
 50168 | Vaults:4 | Killed Sojobo
 50364 | Vaults:4 | Noticed Xtahua
 50373 | Vaults:4 | Killed Xtahua
 50398 | Vaults:4 | Acquired the Writings on Cold Cleavage
 50930 | Vaults:5 | Entered Level 5 of the Vaults
 50932 | Vaults:5 | Noticed a golden dragon
 50941 | Vaults:5 | Killed a golden dragon
 50954 | Vaults:5 | Reached skill level 15 in Fire Magic
 50958 | Vaults:5 | Noticed a golden dragon
 51276 | Vaults:5 | Killed a golden dragon
 51405 | Vaults:5 | Noticed an ancient lich
 51409 | Vaults:5 | Noticed a dread lich
 51412 | Vaults:5 | Killed an ancient lich
 51501 | Vaults:4 | Killed a dread lich
 51734 | Vaults:5 | Got a silver rune of Zot
 51835 | Vaults:5 | Reached XP level 22. HP: 173/173 MP: 50/50
 52219 | Vaults:5 | Identified the ring "Vixafium" {MP+9 Str+2}
 52673 | Vaults:5 | Reached XP level 23. HP: 181/181 MP: 51/51
 53467 | Crypt:1  | Entered Level 1 of the Crypt
 53646 | Crypt:1  | Reached skill level 10 in Ice Magic
 53648 | Crypt:1  | Identified the ring "Yhiz Puu" {Ice rCorr}
 53648 | Crypt:1  | Noticed Josephina
 53662 | Crypt:1  | Killed Josephina
 53971 | Crypt:1  | Identified the amulet "Zuczonuz" {Faith Will+}
 55114 | Crypt:2  | Identified the +3 leather armour "Gaopn" {Contam Str+6
                  | Slay+5}
 55497 | Crypt:2  | Reached skill level 10 in Air Magic
 55616 | Crypt:2  | Reached XP level 24. HP: 188/188 MP: 46/52
 55880 | Crypt:3  | Entered Level 3 of the Crypt
 55911 | Crypt:3  | Acquired a book of Alchemy
 56111 | Crypt:3  | Noticed a dread lich
 56115 | Crypt:3  | Killed a dread lich
 56147 | Crypt:3  | Found the +13 scythe of Curses {drain, curses, Drain}
 56492 | Crypt:3  | Found a staircase to the Tomb.
 56671 | Crypt:3  | Noticed a dread lich
 56889 | Crypt:3  | Killed a dread lich
 56933 | Crypt:3  | Identified the ring "Ytsimeak" {Int+5 Dex+6}
 56944 | Crypt:3  | Identified the +1 mace of Ruanousess {freeze, Int+2}
 57297 | Depths:1 | Entered Level 1 of the Depths
 57470 | Depths:1 | Found Qiputhag's Weapon Boutique.
 57474 | Depths:1 | Found Cacedudgh's Antique Armour Boutique.
 57583 | Depths:1 | Found a one-way gate to the infinite horrors of the Abyss.
 58106 | Depths:1 | Found a gateway to Hell.
 58259 | Depths:2 | Found a one-way gate leading to the halls of Pandemonium.
 58738 | Depths:2 | Found a one-way gateway to a ziggurat.
 58915 | Depths:2 | Got the Anthology of the Icicle and the Switch
 59049 | Depths:2 | Got the Papyrus of the Maledictive Charnel House
 59082 | Depths:2 | Noticed a dread lich
 59083 | Depths:2 | Noticed an ancient lich
 59084 | Depths:2 | Killed a dread lich
 59086 | Depths:2 | Killed an ancient lich
 60116 | Depths:4 | Entered Level 4 of the Depths
 60128 | Depths:4 | Reached XP level 25. HP: 194/194 MP: 37/53
 60594 | Depths:4 | Found Cifoloycve's Distillery.
 60600 | Depths:4 | Bought a potion of brilliance for 76 gold pieces
 60600 | Depths:4 | Bought a potion of curing for 57 gold pieces
 60600 | Depths:4 | Bought a potion of magic for 152 gold pieces
 60600 | Depths:4 | Bought a potion of haste for 190 gold pieces
 60600 | Depths:4 | Bought a potion of brilliance for 76 gold pieces
 60600 | Depths:4 | Bought a potion of cancellation for 152 gold pieces
 60600 | Depths:4 | Bought a potion of resistance for 190 gold pieces
 60777 | Depths:4 | Found a gate to the Realm of Zot.
 61516 | Tomb:1   | Entered Level 1 of the Tomb of the Ancients
 61877 | Tomb:1   | Noticed a royal mummy
 61879 | Tomb:1   | Noticed a royal mummy
 61882 | Tomb:1   | Killed a royal mummy
 63198 | Tomb:2   | Noticed a royal mummy
 63198 | Tomb:2   | Noticed a royal mummy
 63198 | Tomb:2   | Noticed a royal mummy
 63198 | Tomb:2   | Noticed a royal mummy
 63219 | Tomb:2   | Killed a royal mummy
 63220 | Tomb:2   | Killed a royal mummy
 63222 | Tomb:2   | Killed a royal mummy
 63228 | Tomb:2   | HP: 8/194 [royal mummy (6)]
 63229 | Tomb:2   | Killed a royal mummy
 63671 | Tomb:1   | Noticed a royal mummy
 63679 | Tomb:1   | Killed a royal mummy
 63686 | Tomb:1   | Noticed a royal mummy
 63687 | Tomb:1   | Noticed a royal mummy
 63689 | Tomb:1   | Killed a royal mummy
 63691 | Tomb:1   | Noticed a royal mummy
 63692 | Tomb:1   | Killed a royal mummy
 63696 | Tomb:1   | Killed a royal mummy
 63701 | Tomb:1   | Noticed a royal mummy
 63708 | Tomb:1   | Killed a royal mummy
 63742 | Tomb:1   | Noticed a royal mummy
 63747 | Tomb:1   | Killed a royal mummy
 63782 | Tomb:1   | Noticed a royal mummy
 63783 | Tomb:1   | Noticed a royal mummy
 63785 | Tomb:1   | Noticed a royal mummy
 63787 | Tomb:1   | Killed a royal mummy
 63788 | Tomb:1   | Killed a royal mummy
 63790 | Tomb:1   | Noticed a royal mummy
 63792 | Tomb:1   | Killed a royal mummy
 63793 | Tomb:1   | Noticed a royal mummy
 63795 | Tomb:1   | Killed a royal mummy
 63805 | Tomb:1   | Killed a royal mummy
 63805 | Tomb:1   | HP: 8/194 [something (25)]
 63805 | Tomb:1   | Noticed a royal mummy
 63810 | Tomb:1   | Killed a royal mummy
 63813 | Tomb:1   | Noticed a royal mummy
 63815 | Tomb:1   | HP: 5/194 [something (13)]
 63816 | Tomb:1   | Killed a royal mummy
 63824 | Tomb:1   | Noticed a royal mummy
 63826 | Tomb:1   | Killed a royal mummy
 63997 | Tomb:1   | Noticed a royal mummy
 64003 | Tomb:1   | Killed a royal mummy
 64008 | Tomb:1   | Noticed a royal mummy
 64011 | Tomb:1   | Noticed a royal mummy
 64012 | Tomb:1   | Killed a royal mummy
 64019 | Tomb:1   | Killed a royal mummy
 64123 | Tomb:1   | Noticed a royal mummy
 64130 | Tomb:1   | Killed a royal mummy
 64140 | Tomb:1   | Noticed a royal mummy
 64144 | Tomb:1   | Killed a royal mummy
 64169 | Tomb:1   | Noticed a royal mummy
 64172 | Tomb:1   | Killed a royal mummy
 64175 | Tomb:1   | Noticed a royal mummy
 64177 | Tomb:1   | Killed a royal mummy
 64178 | Tomb:1   | Reached XP level 26. HP: 82/202 MP: 51/53
 64351 | Tomb:1   | Noticed a royal mummy
 64359 | Tomb:1   | Killed a royal mummy
 64432 | Tomb:1   | Killed a royal mummy
 65188 | Tomb:3   | Entered Level 3 of the Tomb of the Ancients
 65210 | Tomb:3   | Noticed a royal mummy
 65211 | Tomb:3   | Noticed a royal mummy
 65213 | Tomb:3   | Killed a royal mummy
 65215 | Tomb:3   | Noticed a royal mummy
 65216 | Tomb:3   | Killed a royal mummy
 65217 | Tomb:3   | Noticed a royal mummy
 65218 | Tomb:3   | Killed by a mummy priest's death curse

Illustrated notes

Levels and vault maps discovered:
D:1:      heliophobic_arrival_henge, layout_rooms, minmay_unequal
D:2:      layout_basic, corexii_item_surrounded_by_moat, st_stairs_5,
          kennysheep_generic_room_2, uniq_robin
D:3:      layout_basic, nicolae_overflow_two_pavilions, serial_shops, shop,
          ebering_ghost_disaster_area, ebering_ecumenical_altar_sacrificial
D:4:      layout_loops_corners, nicolae_wu_jian_wuxing_cycle,
          nicolae_hepliaklqana_hippocampus, ebering_ghost_disaster_area,
          gup_ossuary_entry_pyramid, uniq_crazy_yiuf_cottage
D:5:      layout_basic, lemuel_tele_altar, serial_shops,
          nicolae_shop_tiny_glass, hangedman_abyss_or_decor_stagger,
          minivault_11, uniq_edmund, uniq_sigmund
D:6:      layout_loops_ring, serial_shops,
          nicolae_shop_temple_entry_statues_fountains, minmay_circle_x
D:7:      layout_basic, temple_fountains
D:8:      layout_cave_pods, makhleb_altar_promises_db
D:9:      gammafunk_steamed_eel, layout_loops_ring, vehumet_statue, orc_0_dummy,
          uniq_prince_ribbit1
D:10:     layout_stronghold, erik_lair_dragon, enter_bailey_3,
          minmay_misc_feat_columns, minmay_strange_pillars,
          lightli_elemental_guards, uniq_nergalle
D:11:     layout_loops_ring, serial_shops, shop, elyvilon_altar_1
D:12:     layout_long_grid, uniq_maurice, uniq_snorg
D:13:     layout_long_grid, grunt_vaults_entry_tiered, serial_shops, shop
D:14:     layout_long_grid, minmay_staircase_bubble, kennysheep_donut
D:15:     hangedman_depths_entry_try_elsewhere_first, layout_rooms, tso_altar,
          uniq_azrael
Temple:   hellmonk_temple_of_storms
Lair:1:   dpeg_oklob_gauntlet, layout_gridlike, serial_bayou_lagoon_a,
          beast_lair_carwin_1, uniq_amaemon, uniq_gastronok, uniq_erica
Lair:2:   layout_chaotic_city, skrybe_swamp_entry_bodies,
          nicolae_quartered_pool_impasse, nicolae_lair_grove_arrangements
Lair:3:   layout_regular_city, minmay_snake_entry_six_corridors
Lair:4:   layout_regular_city, minmay_slime_entry_oklob_enclosed,
          patterned_corridor, serial_bayou_shore_a, lemuel_fruit_tree
Lair:5:   minmay_lair_end_frog_pond, layout_misc_corridors
Swamp:1:  nicolae_swamp_long_stream, layout_basic_swamp,
          nicolae_swamp_tree_designs, swamp_pool1, infiniplex_staircase_pool_2,
          uniq_roxanne
Swamp:2:  layout_falls_marsh, evilmike_swamp_ruin_rubble_2, uniq_louise
Swamp:3:  layout_basic_swamp, evilmike_swamp_ruin_house_5, swamp_pool2
Swamp:4:  grunt_swamp_rune_castle, layout_basic_swamp, uniq_kirke
Snake:1:  kennysheep_six_static_rooms, layout_misc_corridors, uniq_donald,
          uniq_aizul
Snake:2:  layout_onion_interference, nicolae_snake_scaly_snakehead
Snake:3:  nicolae_snake_nest, layout_layer_cave, uniq_agnes
Snake:4:  johnstein_snake_rune_scales, layout_cave_town, basic_altar
Slime:1:  layout_caves
Slime:2:  layout_caves
Slime:3:  layout_caves
Slime:4:  nicolae_slime_jelly_donut, layout_caves, basic_altar
Slime:5
Orc:1:    layout_caves, serial_shops,
          nicolae_shop_temple_entry_statues_fountains, okawaru_metal_pillars_1_2
Orc:2:    st_orc_mages, layout_diamond_mine
Elf:1:    layout_loops_corners, minmay_elf_demonology
Elf:2:    nicolae_elf_blades_splatter_lattice [nicolae_blade_bullseye],
          layout_loops_cross, minivault_4, drop_trap, statue_in_the_mist_lemuel
Elf:3:    minmay_elf_hall_statues, layout_geoelf_diagonals, grunt_ministairs_15,
          minmay_shop_enchanted_jewellery, hangedman_elven_pyramids
Vaults:1: lightli_enter_wizlab_magi_temple, nicolae_vaults_yaktaur_gun_rack,
          ontoclasm_vaults_decontamination, ontoclasm_vaults_claustrophobia,
          vaults_dpeg_diagonal, nicolae_vaults_specimen_jars,
          nicolae_vaults_lightning_bolt, vaults_mumra_lcd,
          vaults_room_large_hall, nicolae_vaults_little_squares_5,
          grunt_vaults_focal, vaults_room_hallway, nicolae_vaults_tetromino_T_2,
          nicolae_vaults_little_squares_6, v_misc_27,
          nicolae_vaults_offset_grid_hallway_3, nicolae_vaults_swerve,
          ontoclasm_vaults_spin, vaults_dpeg_ring, hangedman_vaults_capsules,
          layout_vaults_maze_bifur
Vaults:2: nicolae_vaults_apartment_1, v_misc_33, vaults_room_hallway,
          ontoclasm_vaults_chip, nicolae_vaults_cornered_office,
          nicolae_vaults_trapezoid_1, vaults_standard_mumra_x,
          ontoclasm_vaults_idyll, v_misc_12, nicolae_vaults_apartment_2,
          layout_vaults_omnicross, serial_shops, shop
Vaults:3: minmay_crypt_entry_skeletal_spiral, grunt_vaults_swirl,
          nicolae_vaults_closet_pinwheel_1, nicolae_vaults_an_arrangement,
          nicolae_vaults_shrinking_rooms_1, nicolae_vaults_octothorpe,
          nicolae_vaults_tangram_1, vaults_mumra_minichess,
          nicolae_vaults_stairing_the_circle, nicolae_vaults_stepped_doors,
          vaults_room_grid, layout_vaults_ring,
          nicolae_trove_entry_path_of_doom, uniq_margery
Vaults:4: vaults_room_grid, nicolae_vaults_door_testing_chamber,
          nicolae_vaults_cochlea, hangedman_vaults_nails, vaults_mumra_hex,
          nicolae_vaults_two_Ls, v_pattern_1, nicolae_vaults_mini_display_case,
          nicolae_vaults_tetromino_Z_2, dpeg_vaults_monster_box,
          nicolae_vaults_diagonal_hallway_7,
          nicolae_vaults_trapezoid_lopsided_1, layout_vaults_omnigrid,
          uniq_jory, uniq_sojobo, uniq_xtahua
Vaults:5: serial_shops
Crypt:1:  layout_chaotic_city, st_stairs_9, st_chilly_death, uniq_josephina
Crypt:2:  layout_rooms, special_room [special_room_morgue]
Crypt:3:  david_glass_crypt, layout_chaotic_city,
          nicolae_tomb_entry_unfolded_pyramid_orthogonal, minicrypt_bobbens
Tomb:1
Tomb:2
Tomb:3
Depths:1: layout_cave_shapes, grunt_hell_entry_dis_grunt,
          minmay_room_of_horrors, evilmike_ruin_ashenzari, minmay_shop_star
Depths:2: evilmike_library_of_no_secrets, layout_cross, enter_ziggurat_d,
          pf_hell_entry_tar_spiral, rand_demon_pan_entry_9, serial_column_ruins,
          column_ruins_portal_astroid, column_ruins_hut_ruined,
          column_ruins_courtyard_long, column_ruins_corridor_T,
          column_ruins_columns_straight, column_ruins_open_tiny,
          column_ruins_corridor_straight, column_ruins_grid_1,
          chequers_serial_rivers_micro_e, kennysheep_generic_room_13
Depths:3: nicolae_cairo_tiling_large_dashed, layout_honeycomb,
          nicolae_lava_and_water, hell_entry, abyss_entry
Depths:4: evilmike_zot_entry_argh, layout_basic, serial_shops, shop, hell_entry,
          chequers_serial_rivers_micro_a, pan_entry, abyss_entry, drop_trap

Skill      XL: |  1  2  3  4  5  6  7  8  9 10 11 12 13 14 15 16 17 18 19 20 21 22 23 24 25 26 |
---------------+-------------------------------------------------------------------------------+-----
Dodging        | 2 3 5 6 8 10 13 15 16 17 18 19 20 | 20.0
Stealth        | 2 3 4 5 |  5.0
Conjurations   | 4 5 7 9 10 12 13 15 16 | 16.3
Spellcasting   | 2 3 5 6 9 10 13 15 16 17 18 19 20 | 20.0
Translocations | 1 3 5 |  5.0
Fire Magic     | 2 4 5 7 10 13 15 16 18 19 | 19.2
Air Magic      | 4 5 6 10 | 10.0
Earth Magic    | 3 5 7 9 11 12 14 15 17 19 | 19.6
Ice Magic      | 3 5 7 9 10 | 10.0
Evocations     | 3 5 6 9 10 | 10.0
Hexes          | 3 5 |  5.0
Armour         | 1 5 |  5.0
Fighting       | 2 5 |  5.0
Short Blades   | 3 5 |  5.0

Action                     |  1- 3 |  4- 6 |  7- 9 | 10-12 | 13-15 | 16-18 | 19-21 | 22-24 | 25-27 || total
---------------------------+-------+-------+-------+-------+-------+-------+-------+-------+-------++-------
  Melee: Rapier            |       |       |     4 |     6 |   199 |   155 |     7 |       |       ||   371
         Headbutt          |       |       |       |       |    31 |       |       |       |       ||    31
         Punch             |       |       |       |       |     1 |     1 |     1 |       |       ||     3
         Staff             |       |       |       |       |       |       |    69 |    30 |     4 ||   103
         Great sword       |       |       |       |       |       |       |    95 |       |       ||    95
  Throw: Throwing net      |       |       |       |       |       |     1 |       |       |       ||     1
   Cast: Magic Dart        |    59 |   102 |   142 |   174 |    89 |    56 |   103 |    50 |     1 ||   776
         Searing Ray       |     4 |    27 |    49 |   100 |    55 |    14 |    17 |       |       ||   266
         Iskenderun's Myst |       |       |    16 |    87 |   107 |    60 |    20 |     8 |     5 ||   303
         Starburst         |       |       |       |    49 |   141 |    59 |    61 |    36 |    14 ||   360
         Blink             |       |       |       |     1 |     3 |     5 |     1 |       |       ||    10
         Flame Wave        |       |       |       |     6 |    19 |     4 |       |       |       ||    29
         Iron Shot         |       |       |       |       |    90 |   438 |   373 |   272 |   130 ||  1303
         Lehudib's Crystal |       |       |       |       |       |    27 |    66 |    89 |    32 ||   214
         Arcjolt           |       |       |       |       |       |     2 |    24 |       |       ||    26
         Ignition          |       |       |       |       |       |       |    32 |    91 |    71 ||   194
         Stone Arrow       |       |       |       |       |       |       |    10 |    94 |    26 ||   130
  Evoke: Phial of floods   |       |       |       |     1 |     1 |       |     1 |       |       ||     3
         Lightning rod     |       |       |       |       |       |       |     4 |       |     3 ||     7
         Wand              |       |       |       |       |       |       |     1 |     2 |    32 ||    35
         Box of beasts     |       |       |       |       |       |       |       |     1 |       ||     1
    Use: Scroll            |     2 |    12 |    15 |    14 |    15 |    11 |    16 |     3 |     5 ||    93
         Potion            |       |     2 |     2 |    10 |    24 |    14 |    12 |     6 |    12 ||    82
   Stab: Sleeping          |       |       |       |     2 |     6 |     2 |     2 |       |       ||    12
         Distracted        |       |       |       |       |     1 |       |       |       |       ||     1
 Armour: Skin              |       |    14 |     1 |       |       |       |       |       |       ||    15
         Robe              |       |     5 |    17 |    57 |   171 |   170 |   117 |    38 |    27 ||   602
  Dodge: Dodged            |     9 |     9 |    58 |   121 |   388 |   414 |   363 |   182 |   166 ||  1710
